Cogmind - Beta 17.1 @@@ ROGUE MODE // 2026.09.07 @ 08:53:16 Player: MolePlayingNice Result: Destroyed by X-77 Beamer with Gatling Laser Performance ------------- Evolutions (6) 3000 Regions Visited (16) 3200 Robots Destroyed (312) 1560 Value Destroyed (15000) 15000 Prototype IDs (48) 960 Alien Tech Used (0) 0 Bonus (21123) 21123 TOTAL SCORE: 44843 Bonus ------- High Alert Combat Kills 1419 Follower Combat Kills 2371 Prayed to X0-1V1 5000 Major X0-1V1 Interference 10650 Network Hubs Disabled 200 Met Zhirov 300 Met Warlord at Base 500 MAIN.C Attacked Warlord 500 Warlord Defense Kills 2904 Built Enhanced Grunts 300 Met R17 at Cetus 500 Friendly Fire -3521 Cogmind --------- Core Integrity 0/1350 Matter 276/300 Energy 66/100 System Corruption 52% Temperature Warm (184) Movement Core (700) Ox13 Location -4/Armory Parts ------- > --- POWER (3) -------- (None) > --- PROPULSION (4) --- (None) > --- UTILITY (7) ------ High-capacity Storage Unit Improved Signal Interpreter > --- WEAPON (5) ------- (None) > --- INVENTORY (20) --- Antimatter Reactor Light Antimatter Reactor Improved Fusion Compressor Advanced Cryofiber Web Improved Heat Sink Improved Heat Sink Large Storage Unit Advanced Energy Well (500) Advanced Sensor Array Advanced Terrain Scan Processor Advanced Shield Generator Advanced Force Field X0-1V1's Piety Tracker Heavy Assault Rifle Autogun Autogun Coil Gun Improved Plasma Cutter Peak State ------------ > --- POWER ------------ Vortex Chain Reactor > --- PROPULSION ------- Flexi-carbon Leg Enhanced Flexi-carbon Leg Myomer Leg Myomer Leg Experimental Myomer Leg > --- UTILITY ---------- Advanced Cryofiber Web Advanced Heat Sink Large Storage Unit Improved Signal Interpreter Experimental Core Analyzer Medium Regenerative Plating Advanced Force Field > --- WEAPON ----------- Plasma Storm > --- INVENTORY -------- Quantum Reactor Advanced Heat Sink Advanced Energy Well Advanced Sensor Array Advanced Terrain Scan Processor Experimental Targeting Computer Advanced Force Field X0-1V1's Piety Tracker Force Rifle Advanced Plasma Rifle Advanced Plasma Rifle Advanced Plasma Rifle Neutron Cannon Heavy Shock Bomb Launcher Improved Plasma Cutter [Rating: 146] Favorites ----------- Power Quantum Reactor Engine Subdweller Power Source Power Core Enhanced Nuclear Core Reactor Quantum Reactor Propulsion Carbon-fiber Leg Leg Carbon-fiber Leg Utility Large Storage Unit Device Advanced Heat Sink Storage Large Storage Unit Processor Improved Signal Interpreter Hackware Advanced Hacking Suite Protection Medium Regenerative Plating Weapon Plasma Rifle Energy Gun Plasma Rifle Energy Cannon Neutron Cannon Ballistic Gun Heavy Assault Rifle Ballistic Cannon Antimatter Cannon Launcher Heavy Missile Launcher Slashing Weapon Axe Build | -11 -10 -10 -8 -7 -6 -6 -6 -6 -6 -5 -5 -5 -5 -4 -4 -4 ------- Run | Yrd Mat Sub Mat Fac Fac Ext Cet Arc Hub Fac Upp Upp War Pro Fac Arm Slots Evolved 12 | . . . 4 2 2 . . . . 2 . . . . 2 . Power 1 | . . . . . . . . . . 1 . . . . . . Propulsion 3 | . . . 2 . 1 . . . . . . . . . . . Utility 5 | . . . 1 2 1 . . . . . . . . . 1 . Weapon 3 | . . . 1 . . . . . . 1 . . . . 1 . Parts Attached 250 | . 2 10 42 25 34 17 9 . 13 4 3 2 11 4 6 68 Power 31 | . . 2 8 2 3 1 3 . . . 1 . 1 . . 10 Engine 8 | . . 2 5 . . . . . . . . . . . . 1 Core 13 | . . . 3 2 3 . . . . . 1 . . . . 4 Reactor 10 | . . . . . . 1 3 . . . . . 1 . . 5 Propulsion 62 | . . . 8 7 12 8 . . 5 . . 1 2 2 2 15 Treads . | . . . . . . . . . . . . . . . . . Leg 62 | . . . 8 7 12 8 . . 5 . . 1 2 2 2 15 Wheel . | . . . . . . . . . . . . . . . . . Hover . | . . . . . . . . . . . . . . . . . Flight . | . . . . . . . . . . . . . . . . . Utility 71 | . 1 3 10 7 9 3 5 . 2 2 1 1 4 1 1 21 Device 48 | . 1 1 7 6 7 2 2 . 1 2 1 1 3 1 1 12 Storage 3 | . . . 1 . . . 1 . . . . . . . . 1 Processor 12 | . . . 2 1 2 . . . . . . . 1 . . 6 Hackware 2 | . . . . . . 1 . . 1 . . . . . . . Protection 6 | . . 2 . . . . 2 . . . . . . . . 2 Artifact . | . . . . . . . . . . . . . . . . . Weapon 86 | . 1 5 16 9 10 5 1 . 6 2 1 . 4 1 3 22 Energy Gun 55 | . 1 1 14 6 6 5 1 . 5 1 1 . 4 . 3 7 Energy Cannon 4 | . . . . . 2 . . . . 1 . . . 1 . . Ballistic Gun 20 | . . 4 2 1 . . . . . . . . . . . 13 Ballistic Cannon 1 | . . . . . 1 . . . . . . . . . . . Launcher 5 | . . . . 1 1 . . . 1 . . . . . . 2 Special Weapon . | . . . . . . . . . . . . . . . . . Impact Weapon . | . . . . . . . . . . . . . . . . . Slashing Weapon 1 | . . . . 1 . . . . . . . . . . . . Piercing Weapon . | . . . . . . . . . . . . . . . . . Special Melee Weapon . | . . . . . . . . . . . . . . . . . Unidentified Prototypes 33 | . 1 . 6 2 5 . 6 . 4 . . . 6 . 3 . Corrupted Parts 1 | . . . . . . . . . . . . . . . . 1 System Corruption 9 | . . . . . . . . . . . . . . . . 9 Parts Lost 107 | . . 2 9 5 16 . . . . 2 3 1 . 3 2 64 Power 13 | . . 1 1 . 1 . . . . . 1 . . . . 9 Propulsion 36 | . . . 3 1 10 . . . . 1 . 1 . 1 1 18 Utility 25 | . . . 3 . 2 . . . . 1 . . . . 1 18 Weapon 33 | . . 1 2 4 3 . . . . . 2 . . 2 . 19 Highest Loss Streak 17 | . . 1 2 2 6 . . . . 2 2 1 . 3 2 17 To Critical Strikes 5 | . . . . . 1 . . . . . . . . . . 4 Average Backups 12 | . 6 5 5 14 13 14 14 15 15 14 15 14 11 10 13 14 Power 1 | . 1 1 1 1 . 1 1 1 1 . . . . 1 1 1 Propulsion 1 | . 4 1 . 1 1 1 2 2 2 1 1 . . . . 1 Utility 5 | . . . 1 7 6 6 5 6 6 6 6 7 6 6 6 8 Weapon 4 | . 1 1 2 4 5 5 5 6 5 5 7 7 4 3 5 2 Tool/Special . | . . . . . . . . . . . . . . . . . Unused Backups 49 | . . 2 7 11 2 1 4 . 1 . . . 4 . 2 15 Power 7 | . . . . 3 . 1 . . . . . . . . . 3 Propulsion 2 | . . . . 1 . . . . . . . . . . . 1 Utility 24 | . . 2 2 6 1 . 3 . . . . . 1 . 1 8 Weapon 15 | . . . 5 1 1 . 1 . 1 . . . 3 . 1 2 Tool/Special 1 | . . . . . . . . . . . . . . . . 1 Average Slot Usage (%) 91 | . 88 77 89 99 96 100 100 100 100 98 94 100 95 89 72 82 Engine 2 | . 14 10 7 . . . . . . . . . . . . . Core 2 | . . . 1 5 6 . . . . . . 5 1 . . 2 Reactor 3 | . . . . . . 5 6 6 6 11 5 5 5 5 5 5 Leg 27 | . 28 24 30 28 30 33 33 33 33 28 29 29 29 28 25 19 Device 11 | . 3 5 15 14 12 12 11 6 8 7 5 7 10 10 14 12 Storage 5 | . 14 3 1 6 6 6 6 6 6 5 5 5 5 5 5 5 Processor 13 | . . . 5 14 19 20 20 20 20 17 17 17 17 17 10 11 Protection 2 | . . 8 1 . . . . 6 3 . 5 3 . . 4 3 Energy Gun 17 | . 3 11 21 23 17 19 20 20 19 21 19 17 20 18 4 12 Ballistic Gun 3 | . 24 12 4 1 . . . . . . . . . . . 6 Peak Build Rating 146 | . 19 41 58 54 74 77 83 81 87 100 100 97 129 129 143 146 Average Rating 74 | . 9 21 33 46 59 71 78 81 83 94 91 96 111 118 140 110 On Entrance 71 | 6 6 19 41 35 44 70 74 81 81 87 98 97 95 129 115 143 Avg Prop Armor Cover (%) . | . . . . . . . . . . . . . . . . . Naked Turns . | . . . . . . . . . . . . . . . . . Heaviest Build 105 | 11 13 51 67 46 48 52 63 63 63 85 84 84 92 92 91 105 Greatest Support 133 | 20 20 20 61 68 85 95 95 95 111 111 111 114 129 129 129 133 Greatest Overweight (x) 2 | . . 2 2 . 1 . . . . . . . . . . 2 Average Overweight (x) . | . . . . . . . . . . . . . . . . . Largest Inventory Capacity 20 | . 8 8 15 15 15 15 15 15 15 15 15 15 15 15 15 20 Average Capacity 13 | . 8 5 6 15 15 15 15 15 15 15 15 15 15 15 15 16 Most Carried 20 | . 6 6 15 15 15 15 15 15 15 15 15 15 15 15 15 20 Average Carried 12 | . 6 5 5 14 13 14 14 15 14 14 14 14 14 14 13 14 Final Capacity 20 | 8 8 5 15 15 15 15 15 15 15 15 15 15 15 15 15 20 Final Carried 18 | 6 6 5 15 15 14 15 15 15 15 15 15 15 15 15 15 18 Class Distribution -------------------- 72% | Scavenger-Gunner 9% | Scavenger-Skirmisher 7% | Mutant 6% | Gunner Dominant Class ---------------- Mutant | -10/Materials Mutant | -10/Subcaves Gunner | -8/Materials Scavenger-Gunner | -7/Factory Scavenger-Gunner | -6/Factory Scavenger-Gunner | -6/Extension Scavenger-Gunner | -6/Cetus Scavenger-Gunner | -6/Archives Scavenger-Gunner | -6/Hub_04(d) Scavenger-Gunner | -5/Factory Scavenger-Gunner | -5/Upper Caves Scavenger-Gunner | -5/Upper Caves Scavenger-Gunner | -5/Warlord Scavenger-Gunner | -4/Proximity Caves Scavenger-Skirmisher | -4/Factory Scavenger-Gunner | -4/Armory Resources | -11 -10 -10 -8 -7 -6 -6 -6 -6 -6 -5 -5 -5 -5 -4 -4 -4 ----------- Run | Yrd Mat Sub Mat Fac Fac Ext Cet Arc Hub Fac Upp Upp War Pro Fac Arm Matter Collected 7771 | 200 . 419 613 602 1059 446 130 . 656 108 259 383 536 354 183 1823 Remotely . | . . . . . . . . . . . . . . . . . Salvage Created 16209 | . . 332 1514 1703 2757 1237 274 . 1054 177 366 211 829 325 1981 3449 Parts 643 | . . 27 72 76 62 41 23 . 35 7 18 4 35 13 71 159 Haulers Intercepted 11 | . . . 3 3 3 . . . 2 . . . . . . . Recyclers Shooed 8 | . . . 1 . 4 1 . . 1 1 . . . . . . Parts Field Recycled . | . . . . . . . . . . . . . . . . . Retrieved Matter . | . . . . . . . . . . . . . . . . . Parts Self-Destructed 45 | . . 21 . . . . . . . . 11 3 . 10 . . Prevented . | . . . . . . . . . . . . . . . . . Parts Restored . | . . . . . . . . . . . . . . . . . Kills | -11 -10 -10 -8 -7 -6 -6 -6 -6 -6 -5 -5 -5 -5 -4 -4 -4 ------- Run | Yrd Mat Sub Mat Fac Fac Ext Cet Arc Hub Fac Upp Upp War Pro Fac Arm Combat Hostiles Destroyed 256 | . . 11 29 32 29 14 2 . 13 5 11 3 21 6 21 59 Melee 1 | . . . . . . . . . . . . . . . . 1 Guns 193 | . . 11 26 31 23 11 2 . 12 4 4 3 20 5 1 40 Cannons 2 | . . . 1 . . 1 . . . . . . . . . . AOE 45 | . . . . . 5 . . . . . 7 . 1 1 18 13 Classes Destroyed 22 | . . 2 6 4 1 1 . . 2 . . . 4 . 2 . Worker 10 | . . . . 2 4 . . . 2 1 . . . . 1 . Builder 6 | . . . . . 2 . . . 1 . . . . . 3 . Tunneler 1 | . . . . . . . . . . . . . . . 1 . Hauler 11 | . . . 3 3 3 . . . 2 . . . . . . . Recycler 14 | . . . . 3 7 2 . . . . . . . . 2 . Mechanic 2 | . . . . . . . . . . . . . . . 1 1 Operator 3 | . . . 1 1 1 . . . . . . . . . . . Watcher 8 | . . . . 1 1 1 1 . 2 . . . . . . 2 Swarmer 34 | . . 6 . 7 3 . . . 2 4 4 . 1 . . 7 Saboteur 7 | . . . . . . . . . . . . . 1 . . 6 Grunt 94 | . . . 18 14 14 8 . . 7 . 5 2 7 5 7 7 Brawler 3 | . . . . . . . . . 1 . . . . . . 2 Duelist 8 | . . . . . . . . . . . . . 1 1 . 6 Sentry 29 | . . . 6 6 1 4 . . 1 . 1 1 . . 7 2 Demolisher 3 | . . . . . . . . . 1 . . . 1 . . 1 Specialist 11 | . . . 2 . 3 . . . . . . . . . . 6 Hunter 16 | . . . 3 . 3 . . . 1 1 . . 3 . 2 3 Programmer 36 | . . . . 5 5 . . . . . 1 . 2 . 5 18 Behemoth 2 | . . . . . . 2 . . . . . . . . . . Cetus Guard 2 | . . . . . . . 2 . . . . . . . . . Striker 1 | . . . . . . . . . . . . . 1 . . . Executioner 3 | . . . . . . . . . . . . . 3 . . . Subdweller 5 | . . 5 . . . . . . . . . . . . . . Thug 1 | . . . . . . . . . . . . . 1 . . . Guerrilla 1 | . . . . . . . . . . . . . . . . 1 Best Kill Streak 17 | . . 4 4 5 12 5 2 . 11 4 5 3 17 4 13 5 Combat Bots Only 17 | . . 4 4 5 7 4 1 . 9 3 5 3 17 4 8 5 Max Kills in Single Turn 8 | . . 2 1 2 8 1 1 . 2 2 3 1 2 1 3 2 Gunslinging 1 | . . . . 1 . . . . . . . . 1 . . 1 Exploded 3 | . . . . . 3 . . . . . 3 . 1 1 2 2 Melee 1 | . . . . . . . . . . . . . . . . 1 Uniques/NPCs Destroyed 1 | . . . . . . . 1 . . . . . . . . . A7 (-6/Cetus) Combat | -11 -10 -10 -8 -7 -6 -6 -6 -6 -6 -5 -5 -5 -5 -4 -4 -4 -------- Run | Yrd Mat Sub Mat Fac Fac Ext Cet Arc Hub Fac Upp Upp War Pro Fac Arm Hostile Shots Fired 1451 | . . 45 119 172 161 66 6 . 32 39 44 4 19 40 85 619 Missed 463 | . . 20 33 62 50 26 2 . 13 9 11 2 6 11 36 182 Deflected 2 | . . . . . . . . . . . . . . . . 2 Hits 988 | . . 25 86 110 111 40 4 . 19 30 33 2 13 29 49 437 Melee 29 | . . . . . . . . . 1 . . . . . . 28 Projectile 959 | . . 25 86 110 111 40 4 . 18 30 33 2 13 29 49 409 AOE 5 | . . . . . . . . . 1 . . . 1 . . 3 Critical Strikes 52 | . . 2 4 1 5 1 1 . . 2 2 . 1 1 4 28 Part Disruptions 5 | . . . . . 1 . . . . . . . . . . 4 Damage Taken 18061 | . . 374 1374 1237 1948 347 112 . 454 481 685 38 370 577 1143 8921 Core 2247 | . . 51 133 161 140 15 41 . 106 82 73 . 51 34 91 1269 Absorbed by Shields 700 | . . . . 28 48 130 58 . . . . . . . . 436 Ignored by Resistances 96 | . . . . . . . . . . . . . . . . 96 Regen/Repaired (Parts) 1070 | . . . . . . . 23 32 50 . 206 . 150 27 280 302 Core Remaining (%) 85 | 100 . 96 81 82 . . . . 71 . . . . 80 . . Volleys Fired 657 | . . 32 86 72 86 36 38 2 39 16 17 12 23 13 28 157 Largest 5 | . . 2 5 5 3 3 3 3 3 4 3 3 4 3 1 5 Hottest 434 | . . 90 223 272 234 234 218 218 230 310 240 225 281 241 300 434 Shots Fired 1758 | . . 63 275 225 193 96 66 6 112 49 35 22 47 25 28 516 Gun 1678 | . . 63 275 223 167 88 66 6 111 45 26 16 46 25 26 495 Cannon 68 | . . . . . 23 8 . . 1 4 4 6 1 . 2 19 Launcher 12 | . . . . 2 3 . . . . . 5 . . . . 2 Special . | . . . . . . . . . . . . . . . . . Kinetic 347 | . . 34 72 10 . . . . . . . . . . . 231 Thermal 1341 | . . 24 203 213 190 96 66 6 112 49 30 22 5 14 28 283 Explosive 10 | . . . . 2 3 . . . . . 5 . . . . . Electromagnetic 7 | . . 5 . . . . . . . . . . . . . 2 Entropic 53 | . . . . . . . . . . . . . 42 11 . . Robot Hit Streak 62 | . . 6 48 37 22 20 48 . 62 5 18 15 22 15 17 26 Robot Miss Streak 8 | . . 3 3 2 4 2 1 . 3 5 1 1 4 4 5 8 Penetration Max 1 | . . . . . . . . . . . . . . . . 1 Secondary Targets 42 | . . 1 5 4 5 3 . . 2 1 . 2 6 . . 13 Max Gunslinging Chain 1 | . . 1 1 1 1 1 . . 1 1 . 1 1 . . 1 Shots Hit Robots 1191 | . . 35 196 156 137 77 53 . 85 18 24 15 39 20 20 316 Core Hits 723 | . . 16 67 89 87 39 26 . 40 5 19 7 46 17 89 176 Critical Kills 11 | . . . . 1 4 2 . . 2 . . . . . . 2 Critical Parts Destroyed 23 | . . . 1 . . 2 1 . 4 . . . 2 1 . 12 Critical Strikes 86 | . . 1 8 7 9 13 2 . 12 3 1 1 2 1 . 26 Burn 51 | . . . 7 6 5 9 1 . 6 3 1 1 . . . 12 Destroy 33 | . . 1 1 1 4 4 1 . 6 . . . 1 . . 14 Detonate 2 | . . . . . . . . . . . . . 1 1 . . Melee Attacks 1 | . . . . 1 . . . . . . . . . . . . Impact . | . . . . . . . . . . . . . . . . . Slashing 1 | . . . . 1 . . . . . . . . . . . . Piercing . | . . . . . . . . . . . . . . . . . Sneak Attacks . | . . . . . . . . . . . . . . . . . Combat Hostiles . | . . . . . . . . . . . . . . . . . Follow-up Attacks . | . . . . . . . . . . . . . . . . . Damage Inflicted 36530 | . . 570 3268 3236 4803 1855 1194 . 2128 458 1428 311 2399 840 4221 9819 Guns 25855 | . . 570 3199 2981 2914 1617 1194 . 2044 434 518 311 2289 716 187 6881 Cannons 476 | . . . 44 . 91 193 . . . . . . . . . 148 Explosions 9835 | . . . . 126 1751 . . . . . 910 . 110 124 4034 2780 Melee . | . . . . . . . . . . . . . . . . . Ramming 364 | . . . 25 129 47 45 . . 84 24 . . . . . 10 Kinetic 3957 | . . 345 592 82 . . . . . . . . . . . 2938 Thermal 27303 | . . 183 2651 2899 4154 1810 1194 . 2044 434 518 311 190 364 4221 6330 Explosive 1866 | . . . . 126 602 . . . . . 910 . . . . 228 Electromagnetic 355 | . . 42 . . . . . . . . . . . . . 313 Impact . | . . . . . . . . . . . . . . . . . Slashing . | . . . . . . . . . . . . . . . . . Piercing . | . . . . . . . . . . . . . . . . . Entropic 2685 | . . . . . . . . . . . . . 2209 476 . . Highest Corruption 52 | . . 15 . 3 6 7 8 8 8 . . . . . 1 52 Average Corruption 10 | . . 10 . 1 1 6 8 8 8 . . . . . 1 23 Corruption Purged . | . . . . . . . . . . . . . . . . . Corruption Blocked . | . . . . . . . . . . . . . . . . . Effects 247 | . . 38 . 15 10 26 2 2 22 . . . . . 3 129 Message Errors 59 | . . 15 . 4 4 5 1 . 6 . . . . . . 24 Matter Fused 49 | . . 4 . 3 2 9 . 2 3 . . . . . 1 25 Heat Flow Errors 24 | . . 3 . 5 2 1 . . 2 . . . . . 1 10 Energy Discharges 20 | . . 3 . 2 1 4 . . . . . . . . . 10 Parts Rejected 4 | . . . . . . . . . 1 . . . . . 1 2 Parts Fused 3 | . . 1 . . . . . . 1 . . . . . . 1 Data Loss (minor) 25 | . . 5 . 1 1 . 1 . 5 . . . . . . 12 Data Loss (major) 7 | . . 3 . . . 1 . . 1 . . . . . . 2 Misfires 6 | . . 2 . . . 1 . . . . . . . . . 3 Alerts 8 | . . 2 . . . 1 . . 2 . . . . . . 3 Misdirections 4 | . . . . . . . . . . . . . . . . 4 Weapon Failures 38 | . . . . . . 4 . . 1 . . . . . . 33 Overload Shots 7 | . . . . 5 1 . . . . . . . 1 . . . Overflow Damage 473 | . . . . . 292 . . . . . 3 . . . 76 102 Projectiles . | . . . . . . . . . . . . . . . . . Explosions 456 | . . . . . 275 . . . . . 3 . . . 76 102 Melee 17 | . . . . . 17 . . . . . . . . . . . Knockbacks 2 | . . . . . . 1 . . 1 . . . . . . . Impact 2 | . . . . . . 1 . . 1 . . . . . . . Kinetic . | . . . . . . . . . . . . . . . . . Secondary . | . . . . . . . . . . . . . . . . . Self-Inflicted Damage 732 | . . . . . 91 . . . . . 37 . . 18 134 452 Shots 33 | . . . . . 2 . . . . . 2 . . 1 6 22 Rammed . | . . . . . . . . . . . . . . . . . Targets Rammed 46 | . . . 4 22 3 5 . . 9 2 . . . . . 1 Kicked 46 | . . . 4 22 3 5 . . 9 2 . . . . . 1 Crushed . | . . . . . . . . . . . . . . . . . Highest Temperature 389 | . . 96 389 287 352 108 71 114 330 373 244 258 196 365 117 364 Average Temperature 84 | . . 47 77 60 115 33 25 60 63 163 94 121 46 103 52 97 Received Heat Transfer 3702 | . . 30 738 367 459 259 12 . 126 . 222 18 84 223 123 1041 Effects 11 | . . . 5 2 2 . . . . 2 . . . . . . Shutdowns 1 | . . . 1 . . . . . . . . . . . . . Energy Bleed 3 | . . . 1 . 2 . . . . . . . . . . . Interference 6 | . . . 2 2 . . . . . 2 . . . . . . Matter Decay 1 | . . . 1 . . . . . . . . . . . . . Siege Activations . | . . . . . . . . . . . . . . . . . Martial Activations . | . . . . . . . . . . . . . . . . . Shielding Activations 1 | . . . . . . . . . . . . . . . . 1 Total Turns 22 | . . . . . . . . . . . . . . . . 22 Longest Duration 22 | . . . . . . . . . . . . . . . . 22 Robots Disrupted . | . . . . . . . . . . . . . . . . . Combat Hostiles . | . . . . . . . . . . . . . . . . . Robots Corrupted . | . . . . . . . . . . . . . . . . . Combat Hostiles . | . . . . . . . . . . . . . . . . . Parts Fried 3 | . . . . . . . . . . . . . 1 . . 2 Impact Corruptions 1 | . . . . . 1 . . . . . . . . . . . Robots Melted 23 | . . . 2 1 9 2 . . 1 1 . . . . 2 5 Combat Hostiles 15 | . . . 2 1 1 2 . . 1 1 . . . . 2 5 Parts Melted 156 | . . . 11 24 35 18 1 . 8 5 2 . . 1 20 31 Heat Transferred 49095 | . . 225 6330 6358 6383 3822 1633 . 4771 1337 1111 800 211 470 5913 9731 Parts Sabotaged 3 | . . . . . . . . . . . . . . . . 3 Parts Stolen . | . . . . . . . . . . . . . . . . . Parts Stripped . | . . . . . . . . . . . . . . . . . Power Chain Reactions 2 | . . . . . . . . . . . . . . . . 2 Alert | -11 -10 -10 -8 -7 -6 -6 -6 -6 -6 -5 -5 -5 -5 -4 -4 -4 ------- Run | Yrd Mat Sub Mat Fac Fac Ext Cet Arc Hub Fac Upp Upp War Pro Fac Arm Maximum Alert Level 5 | . . . 2 2 1 1 1 . 5 3 . . . . 3 3 Low Security (%) 29 | . 100 . 64 . 20 71 1 100 25 . . . . . 65 5 Level 1 44 | . . . 32 77 79 28 98 . 2 . . . . . 15 36 Level 2 18 | . . . 3 22 . . . . 3 76 . . . . 8 48 Level 3 4 | . . . . . . . . . 11 23 . . . . 10 9 Level 4 1 | . . . . . . . . . 20 . . . . . . . Level 5 2 | . . . . . . . . . 37 . . . . . . . High Security . | . . . . . . . . . . . . . . . . . Max Security . | . . . . . . . . . . . . . . . . . Sterilizations 1 | . . . . 1 . . . . . . . . . . . . Peak Influence 1782 | . . . 493 503 398 380 340 105 1782 861 . . . . 751 1077 Initial 861 | . . . . 220 238 192 205 100 29 861 . . . . . 364 Average 353 | . . . 184 335 243 166 267 98 1053 603 . . . . 181 493 Influence Increases 10792 | . . 121 1099 1069 955 990 295 15 2167 178 250 60 420 130 960 2083 Destroy 0b10 Robot/C 6100 | . . 120 620 640 580 500 160 . 880 100 220 60 420 120 420 1260 Destroy 0b10 Robot/NC 355 | . . . 40 50 90 30 10 . 70 5 . . . . 40 20 Destroy Leader 1026 | . . . 190 148 128 62 . . 152 20 30 . . 10 90 196 Allied During Kill 1438 | . . 1 53 . . 287 113 . 883 . . . . . . 101 Successful Hack 103 | . . . 2 43 20 6 . . . . . . . . 16 16 Select Force Hacks 50 | . . . . . . . . . 50 . . . . . . . Disable Machine 465 | . . . 45 15 90 75 . 15 45 15 . . . . 75 90 Destroy Structure 284 | . . . 7 23 32 30 12 . 42 8 . . . . 54 76 Lose Combat Pursuer 315 | . . . 30 150 15 . . . 45 30 . . . . 15 30 Miscellaneous 656 | . . . 112 . . . . . . . . . . . 250 294 Influence Decreases 9931 | . . 121 613 1067 1049 1016 413 180 493 1398 492 345 66 496 217 1965 Entered New Map 2999 | . . . . 266 250 202 163 150 56 898 200 57 12 366 . 379 Time Decay 4411 | . . 111 483 601 489 464 190 30 318 180 262 278 54 100 205 646 Lost Part 1052 | . . 10 90 50 160 . . . . 20 30 10 . 30 12 640 Lost Ally 569 | . . . 40 . . 200 60 . 119 . . . . . . 150 Purge Threat 900 | . . . . 150 150 150 . . . 300 . . . . . 150 Squads Dispatched 62 | . . . 10 7 9 2 . . 13 2 . . . . 4 15 Investigation 10 | . . . 2 . 3 1 . . 2 1 . . . . . 1 Extermination 15 | . . . . 4 2 . . . . 1 . . . . 1 7 Reinforcement 24 | . . . 4 3 4 1 . . 8 . . . . . . 4 Assault 8 | . . . 2 . . . . . 3 . . . . . . 3 Garrison 5 | . . . 2 . . . . . . . . . . . 3 . Intercept . | . . . . . . . . . . . . . . . . . Searches Triggered . | . . . . . . . . . . . . . . . . . Construction Impeded 4 | . . . 1 1 . . . . 2 . . . . . . . Haulers Reinforced 5 | . . . . 1 1 . . . 3 . . . . . . . Active Scanning Responses . | . . . . . . . . . . . . . . . . . Cargo Convoy Interrupts 1 | . . . . . 1 . . . . . . . . . . . Stealth | -11 -10 -10 -8 -7 -6 -6 -6 -6 -6 -5 -5 -5 -5 -4 -4 -4 --------- Run | Yrd Mat Sub Mat Fac Fac Ext Cet Arc Hub Fac Upp Upp War Pro Fac Arm Distress Signals 23 | . . . 4 2 1 3 1 . 3 . . . 1 . 2 6 Communications Jammed 9 | . . . . 9 . . . . . . . . . . . . Distress Signals 9 | . . . . 9 . . . . . . . . . . . . Times Spotted 455 | . . 13 62 42 41 30 9 . 52 10 11 3 38 8 23 113 Peak Tracking Total 10 | . . 3 7 7 6 7 5 . 9 4 5 3 10 4 8 9 Tactical Retreats 15 | . . . 2 5 1 . . . 3 2 . . . . 1 1 Traps | -11 -10 -10 -8 -7 -6 -6 -6 -6 -6 -5 -5 -5 -5 -4 -4 -4 ------- Run | Yrd Mat Sub Mat Fac Fac Ext Cet Arc Hub Fac Upp Upp War Pro Fac Arm Traps Triggered 7 | . . . 1 2 2 2 . . . . . . . . . . Indirectly . | . . . . . . . . . . . . . . . . . Trap Hack Attempts . | . . . . . . . . . . . . . . . . . Triggered . | . . . . . . . . . . . . . . . . . Disarmed . | . . . . . . . . . . . . . . . . . Reprogrammed . | . . . . . . . . . . . . . . . . . Reused . | . . . . . . . . . . . . . . . . . Traps Extracted . | . . . . . . . . . . . . . . . . . Installed . | . . . . . . . . . . . . . . . . . Triggered . | . . . . . . . . . . . . . . . . . Machines | -11 -10 -10 -8 -7 -6 -6 -6 -6 -6 -5 -5 -5 -5 -4 -4 -4 ---------- Run | Yrd Mat Sub Mat Fac Fac Ext Cet Arc Hub Fac Upp Upp War Pro Fac Arm Machines Disabled 33 | . . 1 3 1 6 5 . 1 3 1 . . 1 . 5 6 Max in Single Turn 6 | . . 1 1 1 6 . . 1 1 1 . . 1 . 3 2 Garrison Access 1 | . . . . . . . . . 1 . . . . . . . Network Hub 1 | . . . . . . . . . 1 . . . . . . . Energy Cycler 2 | . . . . . . 2 . . . . . . . . . . Machines Repaired . | . . . . . . . . . . . . . . . . . Machines Dismantled . | . . . . . . . . . . . . . . . . . Machines Sabotaged 1 | . . . . . . . . . 1 . . . . . . . Overloaded Fab Kills . | . . . . . . . . . . . . . . . . . Hacking | -11 -10 -10 -8 -7 -6 -6 -6 -6 -6 -5 -5 -5 -5 -4 -4 -4 --------- Run | Yrd Mat Sub Mat Fac Fac Ext Cet Arc Hub Fac Upp Upp War Pro Fac Arm Machines Accessed 34 | . . 1 1 6 6 2 . . 3 2 . 2 1 . 5 5 Terminals 19 | . . . . 4 4 2 . . 2 2 . . . . 3 2 Fabricators 6 | . . . . 1 1 . . . . . . . . . 1 3 Repair Stations . | . . . . . . . . . . . . . . . . . Recycling Units . | . . . . . . . . . . . . . . . . . Scanalyzers 3 | . . . 1 1 1 . . . . . . . . . . . Garrison Access 2 | . . . . . . . . . 1 . . . . . 1 . Total Hacks 83 | . . 1 3 14 11 4 . . 5 8 . 2 1 . 13 21 Successful 41 | . . 1 2 8 8 2 . . 3 3 . 2 1 . 5 6 Failed 42 | . . . 1 6 3 2 . . 2 5 . . . . 8 15 Catastrophic 12 | . . . . 1 1 1 . . . 1 . . . . 3 5 Database Lockouts . | . . . . . . . . . . . . . . . . . Manual 35 | . 1 . . 6 1 . 1 . 1 6 . . . . 3 16 Terminals 52 | . . . . 9 7 4 . . 3 8 . . . . 9 12 Fabricators 15 | . . . . 1 2 . . . . . . . . . 3 9 Repair Stations . | . . . . . . . . . . . . . . . . . Recycling Units . | . . . . . . . . . . . . . . . . . Scanalyzers 9 | . . . 3 4 2 . . . . . . . . . . . Garrison Access 3 | . . . . . . . . . 2 . . . . . 1 . Terminal Hacks 27 | . . 1 . 6 4 2 . . 1 3 . 2 1 . 4 3 Record 2 | . . . . 1 . . . . . . . 1 . . . . Robot Schematic 1 | . . . . . . . . . . . . . . . 1 . Open Door 4 | . . . . . 1 1 . . . . . 1 1 . . . Open DSF 2 | . . . . 1 . . . . . . . . . . 1 . Level Access Points 1 | . . . . 1 . . . . . . . . . . . . Branch Access Points 3 | . . . . 1 1 . . . . . . . . . 1 . Alert Level 5 | . . . . . 1 . . . 1 1 . . . . 1 1 Unreport Threat 6 | . . . . 1 1 1 . . . 2 . . . . . 1 Zone Layout 2 | . . . . 1 . . . . . . . . . . . 1 Proto ID Catalog 1 | . . 1 . . . . . . . . . . . . . . Fabricator Hacks 5 | . . . . 1 1 . . . . . . . . . . 3 Network Status 2 | . . . . 1 1 . . . . . . . . . . . Build 3 | . . . . . . . . . . . . . . . . 3 Repair Station Hacks . | . . . . . . . . . . . . . . . . . Recycling Unit Hacks . | . . . . . . . . . . . . . . . . . Scanalyzer 5 | . . . 2 1 2 . . . . . . . . . . . Retrieve Study 5 | . . . 2 1 2 . . . . . . . . . . . Garrison Access Hacks 1 | . . . . . . . . . 1 . . . . . . . Seal Access 1 | . . . . . . . . . 1 . . . . . . . Unauthorized Hacks 3 | . . . . . 1 . . . 1 . . . . . 1 . Terminals 1 | . . . . . . . . . 1 . . . . . . . Sabotage 1 | . . . . . . . . . 1 . . . . . . . Fabricators 2 | . . . . . 1 . . . . . . . . . 1 . Liberate 2 | . . . . . 1 . . . . . . . . . 1 . Repair Stations . | . . . . . . . . . . . . . . . . . Recycling Units . | . . . . . . . . . . . . . . . . . Scanalyzers . | . . . . . . . . . . . . . . . . . Garrison Access . | . . . . . . . . . . . . . . . . . Data Cores Recovered 1 | . . . . 1 . . . . . . . . . . . . Used . | . . . . . . . . . . . . . . . . . Hacking Detections 26 | . . . 1 4 6 1 1 . 2 2 . . . . 5 4 Full Trace Events . | . . . . . . . . . . . . . . . . . Feedback Events . | . . . . . . . . . . . . . . . . . Feedback Blocked . | . . . . . . . . . . . . . . . . . Robot Schematics Acquired 1 | . . . . . . . . . . . . . . . 1 . Robots Built 1 | . . . . . . . . . . . . . . . . 1 Authchips . | . . . . . . . . . . . . . . . . . Time 187 | . . . . . . . . . . . . . . . . 187 Total Robot Build Rating 7 | . . . . . . . . . . . . . . . . 7 Part Schematics Acquired . | . . . . . . . . . . . . . . . . . Parts Built 2 | . . . . . . . . . . . . . . . . 2 Authchips . | . . . . . . . . . . . . . . . . . Time 208 | . . . . . . . . . . . . . . . . 208 Total Part Build Rating 18 | . . . . . . . . . . . . . . . . 18 Part Studies Acquired 5 | . . . 2 1 2 . . . . . . . . . . . Parts Repaired . | . . . . . . . . . . . . . . . . . Time . | . . . . . . . . . . . . . . . . . Parts Recycled . | . . . . . . . . . . . . . . . . . Recycled Matter . | . . . . . . . . . . . . . . . . . Retrieved Matter . | . . . . . . . . . . . . . . . . . Retrieved Components . | . . . . . . . . . . . . . . . . . Parts Scanalyzed . | . . . . . . . . . . . . . . . . . Part Schematics Acquired . | . . . . . . . . . . . . . . . . . Parts Damaged . | . . . . . . . . . . . . . . . . . Bothacking | -11 -10 -10 -8 -7 -6 -6 -6 -6 -6 -5 -5 -5 -5 -4 -4 -4 ------------ Run | Yrd Mat Sub Mat Fac Fac Ext Cet Arc Hub Fac Upp Upp War Pro Fac Arm Used RIF Installer . | . . . . . . . . . . . . . . . . . Robots Hacked . | . . . . . . . . . . . . . . . . . Non-combat . | . . . . . . . . . . . . . . . . . Combat . | . . . . . . . . . . . . . . . . . Robot Hacks Applied . | . . . . . . . . . . . . . . . . . Relay Couplers Released 3 | . . . . . 3 . . . . . . . . . . . Programmers 3 | . . . . . 3 . . . . . . . . . . . Fabnet Peak Effective % . | . . . . . . . . . . . . . . . . . Robots Rewired 16 | . . . . . . 13 . . . . . . . . . 3 Allies Hacked . | . . . . . . . . . . . . . . . . . Hacks Repelled . | . . . . . . . . . . . . . . . . . Allies | -11 -10 -10 -8 -7 -6 -6 -6 -6 -6 -5 -5 -5 -5 -4 -4 -4 -------- Run | Yrd Mat Sub Mat Fac Fac Ext Cet Arc Hub Fac Upp Upp War Pro Fac Arm Total Allies 35 | . . 1 3 . . 18 5 . . . . . . . . 8 Largest Group 11 | . . 1 3 . . 11 8 7 7 . . . . . . 4 Highest-Rated Group 662 | . . 90 48 . . 441 662 525 525 . . . . . . 188 Highest-Rated Ally 159 | . . 90 16 . . 159 143 96 96 . . . . . . 56 Total Orders 7 | . . . . . . . . . . . . . 3 . . 4 STAY 1 | . . . . . . . . . . . . . . . . 1 FOLLOW 1 | . . . . . . . . . . . . . . . . 1 AID 2 | . . . . . . . . . . . . . . . . 2 EXPLORE 2 | . . . . . . . . . . . . . 2 . . . RETURN 1 | . . . . . . . . . . . . . 1 . . . Ally Attacks 377 | . . 6 50 . . 117 30 . 129 . . . . . . 45 Total Damage 10855 | . . 118 503 . . 2508 1205 . 4955 . . . . . . 1566 Kills 71 | . . 1 5 . . 14 7 . 39 . . . . . . 5 Allies Corrupted 1 | . . . 1 . . . . . . . . . . . . . Allies Melted . | . . . . . . . . . . . . . . . . . X0-1V1 Amusement Gains 397 | . 15 . 75 . 20 30 10 . 84 10 10 . 20 . 35 88 Average Entertainment 33 | . 14 8 40 38 19 41 40 29 41 56 36 26 19 17 26 38 Good Acts 85 | . 1 13 11 9 10 8 4 . 3 1 1 4 3 2 . 15 Bad Acts 75 | . . 12 5 11 14 . 1 . . 2 . 1 2 3 3 21 Intel | -11 -10 -10 -8 -7 -6 -6 -6 -6 -6 -5 -5 -5 -5 -4 -4 -4 ------- Run | Yrd Mat Sub Mat Fac Fac Ext Cet Arc Hub Fac Upp Upp War Pro Fac Arm Active Infowar (turns) 5257 | . . . 142 189 900 . . . . 125 468 557 983 305 379 1209 Sensors 4925 | . . . . . 899 . . . . 125 468 557 983 305 379 1209 Seismic 142 | . . . 142 . . . . . . . . . . . . . Jamming 191 | . . . . 189 2 . . . . . . . . . . . Robot Analysis Total . | . . . . . . . . . . . . . . . . . Derelict Logs Recovered 4 | . . . . . . . . . . . . 3 . 1 . . Drone Launches 2 | . . . . . . . . . . . . . 2 . . . Drone Recoveries 2 | . . . . . . . . . . . . . 2 . . . Exploration | -11 -10 -10 -8 -7 -6 -6 -6 -6 -6 -5 -5 -5 -5 -4 -4 -4 ------------- Run | Yrd Mat Sub Mat Fac Fac Ext Cet Arc Hub Fac Upp Upp War Pro Fac Arm Turns Passed 14844 | . 251 1230 1615 1923 1412 1176 391 65 716 376 562 602 1165 396 616 2348 Spaces Moved 8602 | 1 21 624 895 1196 804 703 206 38 442 216 404 445 664 297 417 1229 Core . | . . . . . . . . . . . . . . . . . Treads . | . . . . . . . . . . . . . . . . . Legs 8602 | 1 21 624 895 1196 804 703 206 38 442 216 404 445 664 297 417 1229 Wheels . | . . . . . . . . . . . . . . . . . Hover . | . . . . . . . . . . . . . . . . . Flight . | . . . . . . . . . . . . . . . . . Fastest Speed 108 | 120 120 120 108 108 108 120 120 120 120 120 120 120 114 112 112 110 Average Speed 124 | 120 120 178 130 118 117 120 120 120 120 120 120 120 116 113 113 125 Slowest Speed 270 | 120 120 260 260 123 195 120 120 120 120 120 120 120 120 114 114 270 Overloaded Moves . | . . . . . . . . . . . . . . . . . Propulsion Burnouts . | . . . . . . . . . . . . . . . . . Robots Hopped . | . . . . . . . . . . . . . . . . . Potential Cave-ins 6 | . . . . . . . . . . . . . . . . 6 Cave-ins Triggered . | . . . . . . . . . . . . . . . . . Exploration Rate (%) 42 | 2 4 30 73 36 21 84 56 58 38 10 51 59 95 43 12 58 Regions Visited 16 Branch Regions 10 Pre-discovered Areas . | . . . . . . . . . . . . . . . . . Known Exits Taken 14 | . . 1 1 1 1 1 1 1 1 1 1 1 1 1 1 . Unknown Exits Taken 2 | 1 1 . . . . . . . . . . . . . . . Scrap Searched 5 | . . . . . . . . . . . 1 3 . 1 . . Spaces Dug 33 | . . . . 3 11 2 . . 1 2 1 2 1 1 1 8 Terrain Destroyed 267 | . . 1 1 16 37 3 . . 1 4 76 6 34 26 19 43 Melee 1 | . . . . 1 . . . . . . . . . . . . Projectile 106 | . . 1 1 4 20 3 . . 1 4 4 6 26 13 1 22 AOE 160 | . . . . 11 17 . . . . . 72 . 8 13 18 21 Terrain Rammed . | . . . . . . . . . . . . . . . . . Walls Destroyed . | . . . . . . . . . . . . . . . . . Machines Disabled . | . . . . . . . . . . . . . . . . . Actions | -11 -10 -10 -8 -7 -6 -6 -6 -6 -6 -5 -5 -5 -5 -4 -4 -4 --------- Run | Yrd Mat Sub Mat Fac Fac Ext Cet Arc Hub Fac Upp Upp War Pro Fac Arm Total 11343 | . 246 687 1152 1550 1098 959 300 53 543 296 444 491 1016 329 509 1670 Wait 1133 | . 224 2 48 165 115 44 15 14 13 45 5 30 279 7 17 110 Move 8586 | . 20 623 894 1195 803 702 205 37 441 215 403 444 663 296 416 1229 Hop . | . . . . . . . . . . . . . . . . . Pick Up 133 | . . 6 28 21 11 4 8 . 4 5 1 . 5 . 11 29 Fast Attach 169 | . 1 5 31 18 14 1 9 . 12 1 4 . 9 2 10 52 Attach 71 | . . 2 6 6 14 . 1 . 1 3 1 1 2 1 5 28 Detach 32 | . . 2 2 3 4 . 1 . . . . . 2 . 6 12 Swap 158 | . 1 3 11 14 33 21 4 . 6 8 11 4 10 8 2 22 Drop 209 | . . 9 42 30 15 16 19 . 18 1 2 . 22 2 14 19 Fire 657 | . . 32 86 72 86 36 38 2 39 16 17 12 23 13 28 157 Melee 1 | . . . . 1 . . . . . . . . . . . . Ram . | . . . . . . . . . . . . . . . . . Kick 46 | . . . 4 22 3 5 . . 9 2 . . . . . 1 Crush . | . . . . . . . . . . . . . . . . . Escape Stasis 4 | . . . . 3 . 1 . . . . . . . . . . Rewire 141 | . . . . . . 129 . . . . . . 1 . . 11 Trap . | . . . . . . . . . . . . . . . . . Miscellaneous 3 | . . 3 . . . . . . . . . . . . . . Route ------- -11/Scrapyard -10/Materials -10/Subcaves (discovered 2 exits: *Mat x2) -8/Materials (discovered 2 exits: *Fac x2) -7/Factory (discovered 8 exits: *Fac x4 / *Sto x2 / Low x2) -6/Factory (discovered 5 exits: Fac / *Low x2 / *Ext x2) -6/Extension (discovered 3 exits: *Fac x2 / *Cet) -6/Cetus (discovered 2 exits: *Fac / *Arc) -6/Archives -6/Hub_04(d) (discovered 2 exits: *Fac x2) -5/Factory -5/Upper Caves -5/Upper Caves (discovered 2 exits: *Fac / *War) -5/Warlord -4/Proximity Caves -4/Factory (discovered 3 exits: Upp x2 / *Arm) -4/Armory (discovered 1 exit: Res) History --------- Turn | Location | Event 1 | -11/Scrapyard | Discovered new exit (range 0) 1 | -11/Scrapyard | Entered Materials 193 | -10/Materials | Prayed at D.C.S.S. Altar Unit 232 | -10/Materials | Discovered new exit (range 6) 252 | -10/Materials | Entered Subcaves 253 | -10/Subcaves | Approached by a straggling Scientist 310 | -10/Subcaves | Build established: Mutant 596 | -10/Subcaves | X0-1V1 sent hostile S-10 Pest (x3) 678 | -10/Subcaves | Ranged accuracy permanently improved by X0-1V1 (+5%; -50 max core) 756 | -10/Subcaves | X0-1V1 activates XOMVISION 760 | -10/Subcaves | X0-1V1 sent hostile S-10 Pest (x3) 764 | -10/Subcaves | X0-1V1 sent allied H-61 Shepherd (x1) 769 | -10/Subcaves | System corruption reached 10% 799 | -10/Subcaves | Identified exit to Materials 799 | -10/Subcaves | X0-1V1 revealed exit location to -8/Materials 891 | -10/Subcaves | X0-1V1 revealed exit location to -8/Materials 906 | -10/Subcaves | X0-1V1 rewrote H-61 Shepherd IFF filter 1116 | -10/Subcaves | Visited 4L-MR0's lab 1136 | -10/Subcaves | Found Tower Shield 1138 | -10/Subcaves | Attached Tower Shield, gained temporary slots: Power, Propulsion x2, Utility x2, Weapon x2 1482 | -10/Subcaves | Entered Materials 1482 | -8/Materials | Evolved 4 slots: Propulsion x2, Utility x1, Weapon x1 1730 | -8/Materials | Identified exit to Factory 1730 | -8/Materials | X0-1V1 revealed exit location to -7/Factory 1952 | -8/Materials | Build established: Scavenger-Gunner 1997 | -8/Materials | Melee accuracy permanently improved by X0-1V1 (+5%; -50 max core) 2300 | -8/Materials | X0-1V1 sent you to a vault 2699 | -8/Materials | Build established: Gunner 2796 | -8/Materials | X0-1V1 revealed exit location to -7/Factory 2958 | -8/Materials | Garrison activated, responded to threat 3038 | -8/Materials | X0-1V1 added 0b10 threat records associated with you (minor) 3082 | -8/Materials | First assault squad dispatched 3097 | -8/Materials | Entered Factory 3097 | -7/Factory | Evolved 2 slots: Utility x2 3396 | -7/Factory | Build established: Scavenger-Gunner 3445 | -7/Factory | Core integrity permanently improved by X0-1V1 (+300) 3552 | -7/Factory | Identified exit to Storage 3552 | -7/Factory | Identified exit to Lower Caves 3715 | -7/Factory | Weapon slot count temporarily expanded by X0-1V1 (+2) 3944 | -7/Factory | Identified exit to Factory 3944 | -7/Factory | X0-1V1 revealed exit location to -6/Factory 4108 | -7/Factory | X0-1V1 activates XOMVISION 4270 | -7/Factory | Weapon slot count reverted to normal (-2) 4601 | -7/Factory | X0-1V1 sent hostile Y-45 Defender (x1) 4792 | -7/Factory | X0-1V1 made a cryptic comment about sterilization and BL-4Z3 4837 | -7/Factory | Sterilization system engaged 4837 | -7/Factory | Non-combat units ordered to evacuate 4937 | -7/Factory | Combat units ordered to evacuate 5020 | -7/Factory | Entered another Factory area 5020 | -6/Factory | Evolved 2 slots: Propulsion x1, Utility x1 5083 | -6/Factory | X0-1V1 tapped a No Entrance sign 5401 | -6/Factory | X0-1V1 sent you into danger 5462 | -6/Factory | Destroyed 7 combat bots 5465 | -6/Factory | X0-1V1 redirected Transport squads to designated parking area 5469 | -6/Factory | Lost 6 parts (1p4n1u) 5485 | -6/Factory | Found Prototype Processor 5485 | -6/Factory | Identified Exp. Targeting Computer 5490 | -6/Factory | Found Exp. Targeting Computer 5493 | -6/Factory | X0-1V1 sent you into danger 5577 | -6/Factory | X0-1V1 sent hostile X-67 Chaingunner (x3) 5622 | -6/Factory | Lost 4 parts (2n2w) 5797 | -6/Factory | Lost 3 parts (2n1u) 5814 | -6/Factory | X0-1V1 foreshadows a heat wave 5940 | -6/Factory | Ambient heat levels rising (+10) 5996 | -6/Factory | Identified exit to Extension 5996 | -6/Factory | X0-1V1 revealed exit location to -6/Extension 6003 | -6/Factory | Cargo convoy interrupted 6060 | -6/Factory | Discovered new exit (range 14) 6088 | -6/Factory | X0-1V1 sent you into danger 6141 | -6/Factory | Ambient heat levels rising (+10) 6232 | -6/Factory | Identified exit to Lower Caves 6235 | -6/Factory | X0-1V1 put everyone to sleep 6329 | -6/Factory | Ambient heat levels falling (-10) 6382 | -6/Factory | Identified exit to Factory 6382 | -6/Factory | X0-1V1 revealed exit location to -5/Factory 6432 | -6/Factory | Entered Extension 6486 | -6/Extension | Rescued A7 6496 | -6/Extension | Energy Cycler disabled 6496 | -6/Extension | Rescued a captive Derelict 6497 | -6/Extension | Rescued a captive Derelict 6497 | -6/Extension | Rescued a captive Derelict 6497 | -6/Extension | Rescued a captive Derelict 6497 | -6/Extension | Rescued a captive Derelict 6497 | -6/Extension | Rescued a captive Derelict 6498 | -6/Extension | Rescued a captive Derelict 6498 | -6/Extension | Rescued a captive Derelict 6503 | -6/Extension | Rescued a captive Derelict 6505 | -6/Extension | Rescued a captive Derelict 6646 | -6/Extension | X0-1V1 revealed exit location to -5/Factory 6814 | -6/Extension | X0-1V1 activates XOMVISION 7035 | -6/Extension | Spotted B-75 Beast 7048 | -6/Extension | Destroyed B-75 Beast 7065 | -6/Extension | Spotted B-75 Beast 7066 | -6/Extension | Discovered exit to Factory (range 14) 7081 | -6/Extension | Destroyed B-75 Beast 7161 | -6/Extension | Identified exit to Cetus 7161 | -6/Extension | X0-1V1 revealed exit location to -6/Cetus 7403 | -6/Extension | Lost 5 allies 7552 | -6/Extension | X0-1V1 turns hostiles against one another 7561 | -6/Extension | Lost 3 allies 7575 | -6/Extension | X0-1V1 put everyone to sleep 7608 | -6/Extension | Entered Cetus 7608 | -6/Cetus | Accompanied by 6 allies (A7) 7613 | -6/Cetus | Acquired a Cetus Manufacturing Module code from A7 7624 | -6/Cetus | X0-1V1 put everyone to sleep 7627 | -6/Cetus | Spotted Cetus Guard 7630 | -6/Cetus | Spotted Cetus Guard 7630 | -6/Cetus | Spotted Cetus Guard 7630 | -6/Cetus | Spotted Cetus Guard 7640 | -6/Cetus | X0-1V1 revealed exit location to -5/Factory 7644 | -6/Cetus | Allies destroyed Cetus Guard 7650 | -6/Cetus | Destroyed Cetus Guard 7651 | -6/Cetus | Allies destroyed Cetus Guard 7653 | -6/Cetus | Allies destroyed Cetus Guard 7732 | -6/Cetus | Started Cetus Manufacturing Module 7748 | -6/Cetus | Discovered new exit (range 15) 7757 | -6/Cetus | Manufactured an Enhanced Grunt 7782 | -6/Cetus | Manufactured an Enhanced Grunt 7794 | -6/Cetus | Spotted Cetus Guard 7796 | -6/Cetus | Spotted Cetus Guard 7797 | -6/Cetus | Spotted Cetus Guard 7801 | -6/Cetus | Spotted Cetus Guard 7807 | -6/Cetus | Manufactured an Enhanced Grunt 7808 | -6/Cetus | Allies destroyed Cetus Guard 7818 | -6/Cetus | Allies destroyed Cetus Guard 7821 | -6/Cetus | Allies destroyed Cetus Guard 7824 | -6/Cetus | Destroyed Cetus Guard 7831 | -6/Cetus | Met Revision 17 7832 | -6/Cetus | Manufactured an Enhanced Grunt 7857 | -6/Cetus | Manufactured an Enhanced Grunt 7943 | -6/Cetus | Murdered A7 7944 | -6/Cetus | Extracted ID and sensor layout for unrecognized location from A7's data core 7948 | -6/Cetus | Found Prototype Protection 7948 | -6/Cetus | Identified Med. Regenerative Plating 7991 | -6/Cetus | Identified exit to Archives 7999 | -6/Cetus | Entered Archives 7999 | -6/Archives | Accompanied by 7 allies 8031 | -6/Archives | Met Zhirov 8034 | -6/Archives | Discovered new exit (range 13) 8037 | -6/Archives | Reinforcements dispatched to Archives 8047 | -6/Archives | Identified exit to Hub_04(d) 8064 | -6/Archives | Entered Hub_04(d) 8064 | -6/Hub_04(d) | Accompanied by 7 allies 8085 | -6/Hub_04(d) | Discovered exit to Factory (range 16) 8212 | -6/Hub_04(d) | Found Prototype Launcher 8212 | -6/Hub_04(d) | Identified Scatter Rocket Array 8386 | -6/Hub_04(d) | Found Prototype Device 8386 | -6/Hub_04(d) | Identified Exp. Thermal Shield 8414 | -6/Hub_04(d) | First assault squad dispatched 8544 | -6/Hub_04(d) | X0-1V1 activates XOMVISION 8564 | -6/Hub_04(d) | Lost 3 allies 8566 | -6/Hub_04(d) | Destroyed 9 combat bots 8643 | -6/Hub_04(d) | Discovered exit to Factory (range 12) 8713 | -6/Hub_04(d) | Network Hub disabled 8780 | -6/Hub_04(d) | Entered Factory 8780 | -5/Factory | Evolved 2 slots: Power x1, Weapon x1 8791 | -5/Factory | Identified exit to Upper Caves 8791 | -5/Factory | X0-1V1 revealed exit location to -5/Upper Caves 9156 | -5/Factory | Entered Upper Caves 9624 | -5/Upper Caves | Attracted the attention of an 0b10 checkpoint 9694 | -5/Upper Caves | Discovered new exit (range 8) 9716 | -5/Upper Caves | Identified exit to Upper Caves 9718 | -5/Upper Caves | Entered another Upper Caves area 9718 | -5/Upper Caves | Discovered new exit (range 5) 9723 | -5/Upper Caves | Identified exit to Factory 10012 | -5/Upper Caves | Identified exit to Warlord 10012 | -5/Upper Caves | X0-1V1 revealed exit location to -5/Warlord 10136 | -5/Upper Caves | Attracted the attention of an 0b10 checkpoint 10201 | -5/Upper Caves | Learned Factory trap positions 10237 | -5/Upper Caves | Entered a destroyed Warlord outpost 10293 | -5/Upper Caves | Learned Factory emergency access door positions 10320 | -5/Upper Caves | Entered Warlord 10362 | -5/Warlord | Discovered new exit (range 14) 10490 | -5/Warlord | Found Prototype Energy Gun 10655 | -5/Warlord | Found Prototype Device 10655 | -5/Warlord | Identified Thermal Barrier 10665 | -5/Warlord | Found Prototype Reactor 10665 | -5/Warlord | Identified Vortex Chain Reactor 10876 | -5/Warlord | Met Warlord 10887 | -5/Warlord | Warlord's base attacked by MAIN.C 10947 | -5/Warlord | Found Prototype Energy Gun 10947 | -5/Warlord | Identified Vortex Shotgun 10950 | -5/Warlord | Found Vortex Shotgun 10978 | -5/Warlord | X0-1V1 activates XOMVISION 11237 | -5/Warlord | Warlord forces counterattacked 11360 | -5/Warlord | Lost 11 allies 11383 | -5/Warlord | Spotted Striker 11385 | -5/Warlord | Spotted Executioner 11386 | -5/Warlord | Destroyed Striker 11389 | -5/Warlord | Destroyed Executioner 11404 | -5/Warlord | Spotted Executioner 11405 | -5/Warlord | P-80 Master assimilated allied SA-NMA(M) 11414 | -5/Warlord | Spotted Executioner 11416 | -5/Warlord | Destroyed Executioner 11416 | -5/Warlord | Destroyed Executioner 11420 | -5/Warlord | P-70 Sage assimilated allied TR-E9O(g) 11422 | -5/Warlord | P-70 Sage assimilated allied 0G-40E(g) 11457 | -5/Warlord | Found Prototype Processor 11457 | -5/Warlord | Identified Exp. Core Analyzer 11466 | -5/Warlord | Destroyed 17 combat bots 11470 | -5/Warlord | Lost 7 allies 11473 | -5/Warlord | Identified exit to Proximity Caves 11485 | -5/Warlord | Entered Proximity Caves 11653 | -4/Proximity Caves | Lost 3 parts (1n2w) 11728 | -4/Proximity Caves | X0-1V1 activates XOMVISION 11850 | -4/Proximity Caves | Learned Research security intel 11871 | -4/Proximity Caves | Discovered exit to Factory (range 10) 11881 | -4/Proximity Caves | Entered Factory 11881 | -4/Factory | Evolved 2 slots: Utility x1, Weapon x1 11882 | -4/Factory | Identified exit to Armory 11883 | -4/Factory | Loaded intel: 91 trap records 11884 | -4/Factory | Identified Plasma Storm 12123 | -4/Factory | Identified exit to Upper Caves 12182 | -4/Factory | Build established: Scavenger-Skirmisher 12275 | -4/Factory | Garrison activated, responded to threat 12310 | -4/Factory | Destroyed 8 combat bots 12402 | -4/Factory | X0-1V1 added 0b10 threat records associated with you (major) 12409 | -4/Factory | Destroyed 7 combat bots 12469 | -4/Factory | X0-1V1 sent hostile P-70 Sage (x3) 12497 | -4/Factory | Entered Armory 12523 | -4/Armory | Found Unknown Launcher 12523 | -4/Armory | Identified Fusion Bomb Launcher 12726 | -4/Armory | X0-1V1 upgraded hostiles (x1) 12868 | -4/Armory | Fabricated O-32 Director? 12944 | -4/Armory | X0-1V1 sent hostile Guerrilla (x1) 13090 | -4/Armory | Sensors blinded by X0-1V1 13121 | -4/Armory | X0-1V1 sent hostile X-67 Chaingunner (x2) 13220 | -4/Armory | Fabricated Hvy. Shield Leg (x1) 13337 | -4/Armory | Found Gamma Bomb Array 13382 | -4/Armory | Spotted B-86 Titan 13412 | -4/Armory | System corruption reached 10% 13414 | -4/Armory | X0-1V1 sent hostile B-60 Warrior (x2) 13420 | -4/Armory | Build established: Scavenger-Gunner 13486 | -4/Armory | Lost 4 parts (1p1n2u) 13500 | -4/Armory | Identified exit to Research 13500 | -4/Armory | X0-1V1 revealed exit location to -3/Research 13527 | -4/Armory | X0-1V1 sent you to a vault 13707 | -4/Armory | X0-1V1 mutated your Propulsion slot to Power slot 13747 | -4/Armory | First assault squad dispatched 13869 | -4/Armory | Lost 3 allies 13870 | -4/Armory | System corruption reached 30% 13895 | -4/Armory | Lost 9 parts (1p2n1u5w) 13917 | -4/Armory | X0-1V1 upgraded hostiles (x1) 14152 | -4/Armory | Lost 8 parts (2p2n1u3w) 14249 | -4/Armory | Build established: Scavenger-Skirmisher 14295 | -4/Armory | X0-1V1 sent hostile H-66 Slayer (x2) 14336 | -4/Armory | Core integrity fell below 50% 14361 | -4/Armory | Lost 9 parts (1p2n3u3w) 14427 | -4/Armory | Lost 8 parts (2p1n3u2w) 14584 | -4/Armory | X0-1V1 vaporized surrounding terrain (radius 24) 14633 | -4/Armory | X0-1V1 added 0b10 threat records associated with you (major) 14642 | -4/Armory | Fabricated Hvy. Shield Leg? 14762 | -4/Armory | Build established: Scavenger-Gunner 14831 | -4/Armory | Lost 3 allies 14840 | -4/Armory | Core integrity fell below 20% 14845 | -4/Armory | Destroyed by X-77 Beamer with Gatling Laser Last Messages --------------- 14818_ Core Analyzer destroyed. 14818_ Autogun destroyed. 14820_ Slug penetrates Wall. 14822_ Angular Momentum Engine destroyed. 14822_ Gauss Rifle destroyed. 14824_ System corrupted: Field Laser+ failed to cycle. 14825_ System corrupted: Component data lost. 14826_ Field Laser+ destroyed. 14830_ X0-1V1: "A slightly more accurate toy is still a toy." (+10% ranged accuracy) 14833_ Flexi-carbon Leg destroyed. 14835_ Plasma Rifle destroyed. 14839_ Slug penetrates G-73 Enforcer. 14841_ Adv. Heat Sink destroyed. 14843_ System corrupted: Heat flow error (+215). 14843_ Penetrated by Slug. 14844_ Adv. VSS Leg destroyed. 14844_ Critical hit (Burn: +50). 14845_ X0-1V1 chortles! Map ----- +----------------------------------------------------+ | | | | | | | | | | | | | | | | | | | ?????????????????????????????????????????????????? | | ?????????????????????????????????????????????????? | | ?????????????????????????????????????????????????? | | ?????????????????????????????????????????????????? | | ?????????????????????????????????????????????????? | | ?????????????????????????????????????????????????? | | ?????????????????????????????????????????????????? | | ??????????????????????????????????#??????????????? | | ????????????????????????????????? ##?????????????? | | ????????????????????????????#####""############??? | | ????????????????????????????# % !%[% #??? | | ????????????????????????????# =% [" "*=#### | | ????????????????????????????# %% " "=%"[%= | | ????????????????????????????# = " "*[#### | | ????????????????????????##### %! [#### | | ????????????????????????# xg;%h # | | ????????????????????????#@xgghH %* # "" | | ????????????????????????#####;;####"""######### "" | | ????????????????????????????????????? #?????## "" | | ?????????????????????????????????????? #??####" | | ?????????????????????????????????????? #??# " | | ???????????????????????????????????????#? "! | | ????????????????????????????????????????? """" | | ????????????????????????????????????????"""""""""" | | ???????????????????????????????????????? | | ??????????????????????????????????????? | | ??????????????????????????????????????? | | ????????????????????????????????????? | | ???????????????????????????????????? | | ????????????????????????????????????"""""""""""""" | | ??????????????????????????????????? | | ??????????????????????????????????? | | ?????????????????????????????????? | | ?????????????????????????????????? | | ?????????????????????????????????? | | ????????????????????????????????? | | ????????????????????????????????? | | ???????????????????????????????? | | ???????????????????????????????? """"" | | ???????????????????????????????? "!!" | | ???????????????????????????????? "!!" | +----------------------------------------------------+ Best States ------------- Heat Dissipation 158 Energy Generation 68 Energy Capacity 1600 Matter Stores 1000 Matter Capacity 1000 Sight Range 22 Robot Scan Range 16 Terrain Scan Density 10 Jamming Range 12 Base Temperature (-) 200 Corruption Containment 8 Armor Coverage 2000 Resistance: TH 16 Resistance: EM 38 Evasion (%) 55 Targeting Accuracy 12 Target Analysis 6 Core Analysis 8 Offensive Hacking 14 Item Schematics ----------------- None Robot Schematics ------------------ M-30 Cleanser | -4/Factory | Hacked Fabricated ------------ O-32 Director | x1 | -4/Armory | Preloaded Hvy. Shield Leg | x1 | -4/Armory | Preloaded Hvy. Shield Leg | x1 | -4/Armory | Preloaded Repaired ---------- Nothing Studied --------- Pulse Rifle | -8/Materials | Hacked Aluminum Leg | -8/Materials | Hacked Field Laser | -7/Factory | Hacked Gatling Laser | -6/Factory | Hacked Hvy. Laser | -6/Factory | Hacked Alien Tech Used ----------------- None Achievements -------------- None Challenges ------------ None Game ------ Seed DisruptorSubdwellerWings Manual? 0 Play Time 02:11:02 Cumulative 508.1 hours Start 2026.09.06 @ 21:15:55 End 2026.09.07 @ 08:53:16 Sessions 3 Manual Loads 0 Difficulty Rogue Special Mode None Game No. 194 Rogue 194 Adventurer 0 Explorer 0 Win Type - Total 18 Types 4/0/8/0/1/0/2/1/1/1 Lore% 83 Gallery% 85 Achievement% 77 Wizard Run 0 Options --------- Layout 1 ASCII 0 Keyboard 1 Movement Arrows Keybinds 0 Fullscreen 1 Font 24/Smallcaps Map View 50x35 Zoom Use 0% Tactical HUD 1 Map Filters NONE Filters NONE Steam 1 RUN: b8132081-b9e8-4691-9139-094841b44ee0